AoeStats
← MarcaTenebrosa

Black Forest

513752263Analyzed
2v2 RM · 3d ago on Oct 15, 2026· 67m 16s· 4 players
Game mode
Random Map
Map size
Medium (4 player)
Population
200
Speed
Normal
Resources
Standard
Victory
Conquest
Starting age
Dark Age
Ending age
Imperial Age
RankedLock teamsTeams togetherTeam positionsShared explorationLock speedFull tech treeHidden civsTurbo modeCheats
Victory
Defeat
🇦🇷 Celts · Argentina
752
+14
🇨🇳 Shu · China
710
+15
vs
🇲🇽 Aztecs · Mexico
702
-15
🇲🇽 Romans · Mexico
697
-14
唐宋元明清
14:13 Feudal Age
14:45 Double-Bit Axe
14:44 Horse Collar
22:15 Castle Age
22:09 Stone Mining
22:20 Gold Mining
25:39 Heavy Plow
29:13 Fletching
29:55 Bow Saw
30:23 Town Watch
34:06 Gold Shaft Mining
35:29 Ballistics
35:13 Town Patrol
36:31 Wheelbarrow
37:42 Squires
37:03 Pikeman
37:31 Gambesons
37:49 Coiled Serpent Array
40:54 Imperial Age
38:25 Murder Holes
38:54 Hand Cart
42:38 Two-Man Saw
41:08 Elite White Feather Guard
42:10 Conscription
41:16 Halberdier
42:38 Bodkin Arrow
42:55 Forging
42:46 Scale Mail Armor
42:48 Padded Archer Armor
43:11 Guilds
43:10 Caravan
43:19 Bolt Magazine
43:58 Treadmill Crane
45:18 Chemistry
44:30 Masonry
45:16 Bracer
45:31 Chain Mail Armor
45:22 Scale Barding Armor
45:39 Fortified Wall
45:15 Arrowslits
47:47 Thumb Ring
50:25 Leather Archer Armor
50:41 Plate Mail Armor
50:49 Hoardings
50:49 Architecture
50:25 Siege Engineers
60:20 Ring Archer Armor
59:55 Scale Barding Armor
MarcaTenebrosa
11:10 Feudal Age
16:17 Castle Age
15:30 Double-Bit Axe
15:33 Horse Collar
15:50 Gold Mining
20:04 Fletching
20:05 Town Watch
21:51 Loom
21:48 Man-at-Arms
23:34 Long Swordsman
29:29 Scale Mail Armor
35:39 Bodkin Arrow
36:00 Chain Mail Armor
35:56 Forging
39:23 Iron Casting
44:33 Ballistics
47:55 Imperial Age
45:32 Pikeman
46:55 Masonry
50:28 Wheelbarrow
51:32 Plate Mail Armor
52:03 Blast Furnace
52:19 Halberdier
53:36 Hand Cart
53:27 Heavy Plow
53:40 Bow Saw
57:10 Two-Handed Swordsman
58:27 Conscription
58:53 Champion
60:48 Siege Engineers
63:58 Arson
63:58 Gambesons
64:19 Heavy Scorpion
67:37 Chemistry
Marcus12
5:18 Loom
13:38 Feudal Age
14:59 Wheelbarrow
21:28 Castle Age
20:22 Forging
21:30 Scale Mail Armor
24:47 Hand Cart
24:54 Double-Bit Axe
25:54 Iron Casting
24:45 Eagle Warrior
25:48 Bow Saw
27:57 Chain Mail Armor
29:33 Elite Skirmisher
31:55 Fletching
32:10 Padded Archer Armor
32:51 Man-at-Arms
33:53 Long Swordsman
35:45 Ballistics
42:36 Imperial Age
42:53 Two-Handed Swordsman
45:24 Chemistry
44:52 Atlatl
50:45 Elite Jaguar Warrior
51:47 Garland Wars
52:34 Garland Wars
57:03 Onager
58:24 Caravan
60:11 Siege Onager
66:06 Crossbowman
Lectron
0:34 Loom
13:25 Feudal Age
13:33 Man-at-Arms
17:10 Double-Bit Axe
17:09 Horse Collar
18:05 Gold Mining
19:27 Wheelbarrow
20:16 Forging
21:16 Scale Mail Armor
23:57 Bloodlines
26:14 Stone Mining
29:56 Castle Age
29:05 Scale Barding Armor
31:41 Husbandry
33:14 Long Swordsman
41:55 Hand Cart
44:06 Ballistics
44:18 Ballistas
60:44 Chain Barding Armor
61:00 Iron Casting
63:24 Imperial Age
64:21 Cavalier
Connection lost

Rejoining the realm…

Still unreachable

The connection could not be restored.

Session expired

The server has moved on; the page needs a fresh start.